Map: Moonlight Madness LE (Void)

Players

Javert

  • Race: Zerg Zerg
  • League: Silver

Snoony - Winner!

  • Race: Zerg Zerg
  • League: Platinum

VOD

Have the link to the VOD?

Description

Time

  • Played on: July 20, 2015, 3:26 p.m.
  • Length: 3:19
Show
View Real Time Build Order
Export as new Build Order

Javert Zerg 

Build Orders: Hatch First 

Get SALT Encoding   

  12  0:01  Drone  
  13  0:12  Overlord  
  13  0:17  Drone  
  14  0:37  Drone x3  
  17  0:53  Hatchery  
  16  0:57  Drone  
  16  0:59  Extractor  
  16  1:04  Drone  
  17  1:10  Drone  
  18  1:24  Spawning Pool  
  18  1:25  Drone  
  18  1:31  Drone  
  19  1:42  Drone  
  20  2:12  Queen  
  21  2:16  Zergling x6  
  21  2:17  Zergling x2  
Show
View Real Time Build Order
Export as new Build Order

Snoony Zerg - Winner!

Build Orders: Pool Only 

Get SALT Encoding   

  12  0:01  Drone  
  13  0:22  Spawning Pool  
  13  0:26  Drone  
  13  0:28  Extractor  
  13  0:35  Drone  
  13  0:44  Overlord  
  13  1:09  Queen  
  13  1:10  Zergling x2  
  13  1:11  Zergling x4  
  18  1:22  Zergling x2  
  19  1:32  Metabolic Boost  
  19  1:37  Zergling x2  
  20  1:44  Overlord  
  20  1:57  Baneling Nest  
  20  1:58  Zergling x2  
  20  2:07  Zergling x2  
  19  2:16  Zergling x2  
  19  2:22  Zergling x4  
  22  2:30  Zergling x2  
  22  2:32  Zergling x2  
  24  2:37  Zergling x2  
  25  2:45  Baneling x3  
  26  2:51  Zergling x2  
  26  2:57  Zergling x2  
Tags
 
Add a new tag
Caveats
  • Supply blocks, unpowered buildings, or Contaminate may cause inaccurate times.
  • Supply counts are checked every 10 seconds.